 Dungeon Crawl Stone Soup version 0.19-a0-1886-gd64a0f0 (webtiles) character file.

130 Flanowski the Bolt Thrower (level 4, -2/36 HPs)
             Began as a Centaur Hunter on Oct 15, 2016.
             Killed from afar by a dart slug (7 damage)
             ... with a slug dart
             ... on level 3 of the Dungeon.
             The game lasted 00:05:01 (4150 turns).

Flanowski the Bolt Thrower (Centaur Hunter)         Turns: 4150, Time: 00:05:01

Health: -2/36      AC:  6    Str: 16    XL:     4   Next: 90%
Magic:  4/4        EV:  9    Int: 10    God:
Gold:   122        SH:  0    Dex:  9    Spells: 0 memorised, 3 levels left

rFire  . . .     SeeInvis .     c - -3 dagger (curse)
rCold  + . .     Gourm    .     n - +2 leather armour {rC+}
rNeg   . . .     Faith    .     (no shield)
rPois  .         Spirit   .     (no helmet)
rElec  .         Dismiss  .     (no cloak)
rCorr  .         Reflect  .     (no gloves)
MR     .....     Harm     .     (no barding)
Stlth  ..........               (no amulet)
                                g - ring of wizardry
                                e - ring of loudness (curse)

@: very quick
A: hooves 3, deformed body, speed 2, tough skin 3
a: no special abilities


You were on level 3 of the Dungeon.
You were hungry.

You visited 1 branch of the dungeon, and saw 4 of its levels.

You collected 122 gold pieces.

Inventory:

Hand Weapons
 a - a +2 hand crossbow
 b - a +0 short sword
 c - a cursed -3 dagger (weapon)
Missiles
 d - 20 bolts
Armour
 n - a +2 leather armour of cold resistance (worn)
Jewellery
 e - a cursed ring of loudness (left hand)
 g - a ring of wizardry (right hand)
 u - a +1 ring of protection
Scrolls
 h - a scroll of blinking {unknown}
 o - 2 scrolls of amnesia {unknown}
 p - a scroll of enchant weapon
 q - a scroll of identify {unknown}
 s - a scroll of random uselessness {unknown}
 t - 3 scrolls of teleportation {unknown}
 v - a scroll of fear {unknown}
Potions
 i - a potion of degeneration {unknown}
 k - a potion of lignification {unknown}
 l - 2 potions of haste {unknown}
 m - a potion of curing {unknown}
 r - a potion of brilliance {unknown}
Comestibles
 f - 2 bread rations
 j - a beef jerky
 w - a royal jelly


   Skills:
 - Level 2.0 Fighting
 + Level 6.9 Crossbows
 - Level 1.3 Dodging
 - Level 0.4 Stealth


You had 3 spell levels left.
You didn't know any spells.

Dungeon Overview and Level Annotations

Branches:
Dungeon (4/15)
 Temple: D:4-7

Altars:


Innate Abilities, Weirdness & Mutations

You have hooves in place of feet.
Armour fits poorly on your strangely shaped body.
You cover ground very quickly.
You have extremely tough skin. (AC +3)


Message History

* * * LOW HITPOINT WARNING * * *
A dart slug comes into view.
A hobgoblin comes into view. It is wielding a club.
The hobgoblin shouts!
Found a scroll labeled MEMITUM RAIKH.
The dart slug bites you.
* * * LOW HITPOINT WARNING * * *
The dart slug bites you.
* * * LOW HITPOINT WARNING * * *
You hit the dart slug.
The dart slug is lightly wounded.
The dart slug closely misses you.
The dart slug bites you but does no damage.
A kobold comes into view. It is wielding a short sword.
Found a scroll labeled VASANIPNEX.
The hobgoblin hits you with a club.
* * * LOW HITPOINT WARNING * * *
The dart slug launches a dart at you. The slug dart hits you!
You die...

#.........# #.........
#.........# #.........
#.........# #.........
#.........# #.........
#.........# #.........
####.##########.........
#.........?...####.#####
#....wg..K..?.# #.# #
#.......w.@......# #.# #
###..............# #.# #
#................#
#.#####
...####.##########
#...... .#. #.#
############# # #.#
#....######## #.#
#....#......#
#....#......#
#....#......#


You could see 2 dart slugs, a hobgoblin and a kobold.

Vanquished Creatures
  6 adders
  An ooze (D:3)
  A dart slug (D:2)
  3 leopard geckos
  2 orcs
  6 bats
  5 giant cockroaches
  9 goblins
  5 hobgoblins
  4 jackals (D:1)
  5 kobolds
  6 frilled lizards
  14 rats
  A plant (D:2)
68 creatures vanquished.

Notes
Turn   | Place    | Note
-------+----------+-------------------------------------------
     0 | D:1      | Flanowski the Centaur Hunter began the quest for the Orb.
     0 | D:1      | Reached XP level 1. HP: 17/17 MP: 1/1
   140 | D:1      | Reached XP level 2. HP: 20/24 MP: 2/2
   186 | D:1      | Reached skill level 5 in Crossbows
   709 | D:1      | Reached XP level 3. HP: 29/29 MP: 3/3
  1767 | D:2      | Reached skill level 6 in Crossbows
  2206 | D:2      | Reached XP level 4. HP: 26/36 MP: 4/4
  2346 | D:2      | You fall through a shaft for 2 floors!
  4150 | D:3      | Killed from afar by a dart slug

Vault maps used:
D:1:      scummos_arrival_simple_crosswalls, minmay_quantized
D:2:      serial_forest, infiniplex_forest_end_double,
          infiniplex_forest_clump_large, infiniplex_forest_clump_tiny,
          infiniplex_forest_lined_room_2, infiniplex_forest_straight_3,
          infiniplex_forest_lined_room_2, infiniplex_forest_end_1,
          infiniplex_forest_clump_C, bh_walls_and_bars
D:3:      first_bread, tso_metal_star
D:4:      serial_shops, shop_statue

Skill      XL: |  1  2  3 |
---------------+----------+-----
Crossbows      | 5 6 |  6.9
Fighting       | |  2.0
Dodging        | |  1.3
Stealth        | |  0.4

Action                   |  1- 3 |  4- 6 || total
-------------------------+-------+-------++-------
Melee: Short sword       |    84 |       ||    84
       Kick              |   118 |    53 ||   171
       Dagger            |   355 |   232 ||   587
  Use: Scroll            |     2 |       ||     2
       Potion            |     1 |       ||     1
  Eat: Chunk             |     3 |     6 ||     9
Armor: Leather armour    |   158 |   113 ||   271
Dodge: Dodged            |   162 |   104 ||   266
